Map: Terrasses de Prion

Players

Marauder - Winner!

  • Race: Terran Terran
  • League: Silver
  • Spawn Location: 5:00

zidar

  • Race: Zerg Zerg
  • League: Silver
  • Spawn Location: 11:00

VOD

Have the link to the VOD?

Description

Time

  • Played on: Jan. 14, 2016, 2:05 p.m.
  • Length: 9:09
Show
View Real Time Build Order
Export as new Build Order

Marauder Terran - Winner!

Build Orders:  

Get SALT Encoding   

  12  0:01  SCV  
  13  0:13  SCV  
  14  0:19  Supply Depot  
  14  0:25  SCV  
  15  0:40  Barracks, SCV  
  16  0:52  SCV  
  17  0:57  Supply Depot  
  17  1:04  SCV  
  18  1:14  Barracks  
  18  1:16  SCV  
  19  1:29  Marine  
  21  1:32  Orbital Command  
  20  1:47  Marine  
  21  2:00  Barracks, Refinery  
  21  2:05  Marine x2  
  23  2:22  Marine  
  23  2:23  Marine  
  23  2:28  SCV  
  25  2:32  Command Center  
  25  2:40  Marine, SCV  
  25  2:41  Marine  
  28  2:47  Engineering Bay  
  28  2:50  Supply Depot  
  28  2:52  SCV  
  29  2:59  Barracks Tech Lab x2  
  29  3:04  Marine  
  30  3:06  SCV  
  31  3:22  Marine  
  31  3:23  Stimpack  
  31  3:24  Marine x2  
  34  3:29  Refinery  
  34  3:40  Marine  
  35  3:42  Marauder  
  35  3:44  Missile Turret  
  35  3:48  Marine  
  38  3:51  SCV  
  39  3:57  Marine  
  39  3:59  SCV  
  41  4:03  Marine, SCV  
  41  4:05  Missile Turret  
  41  4:09  Marine  
  43  4:11  SCV  
  43  4:12  Concussive Shells  
  43  4:15  Marine  
  46  4:21  Marine  
  47  4:25  Orbital Command  
  47  4:29  SCV  
  47  4:31  Marine  
  49  4:36  Terran Infantry Weapons Level 1  
  49  4:39  Marine  
  49  4:41  SCV  
  51  4:46  Marine  
  51  4:49  Marine  
  53  4:55  SCV  
  54  5:06  Supply Depot  
  54  5:09  Supply Depot  
  54  5:27  Marine x3, SCV  
  58  5:43  Factory  
  58  5:45  Marine x2, Marauder  
  58  5:47  Engineering Bay  
  58  5:48  Barracks  
  62  5:53  SCV x2  
  64  6:03  Marine x2  
  66  6:05  SCV x2  
  66  6:07  Marauder  
  66  6:08  Missile Turret  
  70  6:14  Combat Shield, Missile Turret  
  70  6:23  Marine  
  70  6:24  Marauder, SCV x2  
  70  6:25  Supply Depot  
  75  6:28  Marine  
  75  6:30  Refinery  
  76  6:38  SCV x2  
  78  6:41  Factory Reactor  
  78  6:46  Marine x2, Starport  
  80  6:48  Supply Depot  
  80  6:50  Terran Infantry Armor Level 1  
  80  6:57  Marine  
  80  6:58  Armory  
  81  7:01  Barracks Reactor  
  81  7:04  Marine x2  
  83  7:14  Marine  
  84  7:21  Marine x2  
  86  7:32  Marine  
  87  7:39  Marine  
  87  7:40  Marauder  
  87  7:41  Marine  
  87  7:42  Marine  
  92  7:47  Factory Reactor  
  92  7:50  Marine  
  93  7:52  Command Center  
  93  7:57  Marine  
  94  7:59  Marine  
  94  8:01  Marauder  
  87  8:10  Marine  
  87  8:11  Marauder  
  90  8:15  Marine  
  91  8:23  Marauder  
  91  8:39  Marine  
  91  8:40  Marine x2, Marauder  
  94  8:44  Marauder  
Show
View Real Time Build Order
Export as new Build Order

zidar Zerg 

Build Orders: Pool First 

Get SALT Encoding   

  12  0:02  Drone  
  13  0:12  Overlord  
  13  0:17  Drone  
  14  0:30  Drone x2  
  16  0:36  Drone  
  17  0:46  Spawning Pool  
  16  0:50  Drone  
  17  1:15  Hatchery  
  17  1:16  Drone  
  17  1:22  Drone  
  18  1:37  Extractor  
  17  1:47  Drone  
  18  1:56  Hatchery  
  18  1:57  Zergling x2  
  17  2:09  Queen  
  19  2:27  Queen  
  21  2:35  Drone x4  
  25  2:45  Drone  
  26  2:52  Queen  
  28  3:02  Overlord x2  
  28  3:09  Drone  
  28  3:10  Drone  
  28  3:11  Drone  
  31  3:30  Zergling x12  
  31  3:31  Zergling x2  
  38  3:43  Roach Warren  
  37  3:51  Drone x4  
  41  4:28  Overlord x2  
  41  4:29  Overlord  
  41  4:33  Lair  
  41  4:37  Drone  
  42  4:56  Roach x3  
  42  4:57  Roach x4  
  42  4:58  Roach x5  
  66  5:12  Evolution Chamber  
  66  5:13  Evolution Chamber  
  64  5:21  Overlord x2  
  63  5:22  Overlord  
  63  5:28  Ravager  
  64  5:34  Drone  
  65  5:39  Drone x5  
  70  5:47  Drone  
  70  5:48  Extractor, Drone x4  
  74  6:06  Ravager  
  74  6:10  Zerg Melee Weapons Level 1  
  75  6:18  Extractor  
  74  6:21  Extractor  
  73  6:51  Metabolic Boost  
  73  6:57  Zerg Ground Armor Level 1  
  73  7:10  Drone x13  
  86  7:34  Hatchery  
  85  7:50  Extractor  
  84  7:53  Extractor  
  84  7:54  Drone x2  
  84  7:55  Drone x3  
  84  7:58  Drone  
  52  8:14  Roach x14  
  52  8:15  Roach x5  
Tags
 
Add a new tag
Caveats
  • Supply blocks, unpowered buildings, or Contaminate may cause inaccurate times.
  • Supply counts are checked every 10 seconds.